 Dungeon Crawl Stone Soup version 0.26-a0-830-g2a559e7be2 (webtiles) character file.

Game seed: 7287670501378290788

60 Morbidden the Grave Robber (level 3, 0/24 HPs)
             Began as a Demonspawn Necromancer on Nov 15, 2020.
             Was an Initiate of Cheibriados.
             Slain by Grinder (6 damage)
             ... on level 3 of the Dungeon.
             The game lasted 00:04:03 (3905 turns).

Morbidden the Grave Robber (Demonspawn Necromancer) Turns: 3905, Time: 00:04:03

Health: 0/24       AC:  3    Str:  9    XL:     3   Next: 82%
Magic:  6/6        EV: 12    Int: 18    God:    Cheibriados [......]
Gold:   111        SH:  0    Dex: 14    Spells: 3/7 levels left

rFire    . . .     SeeInvis .   (no weapon)
rCold    . . .     Faith    .   (no shield)
rNeg     . . .     Spirit   .   a - +0 robe
rPois    .         Reflect  .   (no helmet)
rElec    .         Harm     .   (no cloak)
rCorr    .         Rampage  .   (no gloves)
MR       .....                  d - +0 pair of boots
Stlth    ++........             (no amulet)
HPRegen  0.08/turn              (no ring)
MPRegen  0.10/turn              (no ring)

@: very slow
A: hooves 1
a: Bend Time, Renounce Religion


You were on level 3 of the Dungeon.
You worshipped Cheibriados.
Cheibriados was noncommittal.
You visited 1 branch of the dungeon, and saw 3 of its levels.

You collected 111 gold pieces.

Inventory:

Missiles
 n - 5 curare-tipped darts (quivered)
Armour
 a - a +0 robe (worn)
 d - a +0 pair of boots (worn)
Scrolls
 b - a scroll of fog {unknown}
 c - a scroll of magic mapping {unknown}
 e - 3 scrolls of noise {unknown}
 f - 4 scrolls of remove curse {unknown}
 h - 2 scrolls of identify {unknown}
 o - 2 scrolls of teleportation {unknown}
Potions
 g - a potion of might {unknown}
 i - a potion of brilliance {unknown}
 j - a potion of flight {unknown}
 k - a potion of lignification {unknown}
 l - a potion of resistance {unknown}
 m - a potion of curing {unknown}


   Skills:
 * Level 0.3 Fighting
 * Level 2.0 Dodging
 + Level 1.8 Stealth
 * Level 0.4 Unarmed Combat
 * Level 2.5 Spellcasting
 * Level 5.3 Necromancy
 * Level 0.2 Invocations


You had 3 spell levels left.
You knew the following spells:

 Your Spells              Type           Power        Failure   Level
a - Pain                  Necr           ###.         1%          1
b - Vampiric Draining     Necr           ###.......   5%          3

Your spell library contained the following spells:

 Spells                   Type           Power        Failure   Level
 Animate Skeleton         Necr           ###...       1%          1
 Animate Dead             Necr           ###.......   19%         4
 Agony                    Necr           ###.....     45%         5


Dungeon Overview and Level Annotations

Branches:
Dungeon (3/15)

Altars:
Cheibriados

Annotations:
D:3 Grinder


Innate Abilities, Weirdness & Mutations

You have large cloven feet.


Message History

Grinder gestures at you. Pain shoots through your body!
Throwing (i - inventory)
n - 7 curare-tipped darts (quivered)
Press: ? - help, Shift-Dir - straight line, f/p - Grinder
Aim: Grinder You throw a curare-tipped dart.
The curare-tipped dart closely misses Grinder.
Grinder blinks!
Unknown command.
Unknown command.
Throwing (i - inventory)
n - 6 curare-tipped darts (quivered)
Press: ? - help, Shift-Dir - straight line, f/p - Grinder
Aim: Grinder You throw a curare-tipped dart.
The curare-tipped dart barely misses Grinder.
A giant cockroach comes into view.
Grinder hits you!
* * * LOW HITPOINT WARNING * * *
You writhe in agony.
You die...

#.###.# #.# ...##.# #.#
####..##.# #.# #
..##..##.# ##.# ##B##
#.##..##.# #... $....(
#.##..##.# #..#
#...ยง###.##..##.####..#
##.##...5.##).......#..#
....$..@...............#
##.################.....
######


You could see Grinder and a giant cockroach (wandering).

Vanquished Creatures
  2 adders (D:2)
  3 worms (D:2)
  2 leopard geckos
  2 giant cockroaches (D:1)
  4 goblins
  4 hobgoblins
  2 jackals (D:3)
  3 ball pythons
  7 bats
  A frilled lizard (D:1)
  3 kobolds
  2 rats
35 creatures vanquished.

Notes
Turn   | Place    | Note
-------+----------+-------------------------------------------
     0 | D:1      | Morbidden the Demonspawn Necromancer began the quest for
                  | the Orb.
     0 | D:1      | Reached XP level 1. HP: 13/13 MP: 3/3
   631 | D:1      | Gained mutation: You have large cloven feet. [demonic
                  | ancestry]
   631 | D:1      | Reached XP level 2. HP: 13/19 MP: 0/5
  1160 | D:1      | Found a snail-covered altar of Cheibriados.
  1225 | D:1      | Became a worshipper of Cheibriados the Contemplative
  1742 | D:1      | Found a snail-covered altar of Cheibriados.
  1977 | D:2      | Reached skill level 5 in Necromancy
  1977 | D:2      | Reached XP level 3. HP: 18/24 MP: 0/6
  1981 | D:2      | Learned a level 3 spell: Vampiric Draining
  2310 | D:2      | Found a faded altar of an unknown god.
  3280 | D:2      | Found a faded altar of an unknown god.
  3902 | D:3      | Noticed Grinder
  3905 | D:3      | Slain by Grinder

Illustrated notes

Levels and vault maps discovered:
D:1:      dpeg_arrival_arbitrary_a, layout_loops_ring, cheibriados_altar_1
D:2:      layout_basic, chequers_ecumenical_altar_simple_redux
D:3:      layout_loops_ring, grunt_ministairs_2, uniq_terence, uniq_grinder,
          uniq_natasha

Skill      XL: |  1  2 |
---------------+-------+-----
Dodging        | 2 |  2.0
Necromancy     | 5 |  5.3
Fighting       | |  0.3
Stealth        | |  1.8
Unarmed Combat | |  0.4
Spellcasting   | |  2.5
Invocations    | |  0.2

Action                   || total
-------------------------++-------
Melee: Unarmed           ||    15
Throw: Dart              ||     3
 Cast: Pain              ||    80
       Vampiric Draining ||     1
  Use: Potion            ||     1
 Stab: Distracted        ||     1
Armor: Robe              ||     6
Dodge: Dodged            ||    19

Table legend: (Time is in decaauts)
 A = Elapsed time spent in this place.
 B = Non-inter-level travel time spent in this place.
 C = Inter-level travel time spent in this place.
 D = Time resting spent in this place.
 E = Time spent auto-exploring this place.
 F = Levels seen in this place.
 G = Mean time per level.
                   A        B        C        D        E       F      G
               +--------+--------+--------+--------+--------+-----+--------+
         Total |   4479 |   4273 |    206 |    333 |   3585 |   3 | 1493.0 |
       Dungeon |   4479 |   4273 |    206 |    333 |   3585 |   3 | 1493.0 |
               +--------+--------+--------+--------+--------+-----+--------+

Top non-repeatable levels by time:
     D:1: 2144 daAuts
     D:2: 2074 daAuts
     D:3: 259 daAuts
